 Dungeon Crawl Stone Soup version 0.32-a0-485-g70f7560b1c (webtiles) character file.

Game seed: 6683506040205164018

86 Esekla the Covert (level 4, -7/31 HPs)
             Began as an Octopode Delver on Feb 27, 2024.
             Mangled by a gnoll
             ... wielding a +0 spear
             ... led by a gnoll sergeant
              (9 damage)
             ... on level 5 of the Dungeon.
             The game lasted 00:05:20 (539 turns).

Esekla the Covert (Octopode Delver)                  Turns: 539, Time: 00:05:20

Health: -7/31      AC:  1    Str: 11    XL:     4   Next: 49%
Magic:  4/4        EV: 13    Int: 14    God:
Gold:   70         SH:  0    Dex: 13    Spells: 3/3 levels left

rFire   . . .        a - +0 falchion
rCold   . . .        (no shield)
rNeg    . . .        (helmet restricted)
rPois   .            (no amulet)
rElec   .            (no ring)
rCorr   .            (no ring)
SInv    .            (no ring)
Will    .....        (no ring)
Stlth   +++++        (no ring)
HPRegen 0.25/turn    (no ring)
MPRegen 0.09/turn    (no ring)
                     (no ring)

%: no passive effects
@: no status effects
A: almost no armour, amphibious, 8 rings, camouflage 1, gelatinous body 1,
(nimble swimmer 1), tentacles
a: no special abilities


You were on level 5 of the Dungeon.
You visited 2 branches of the dungeon, and saw 2 of its levels.

You collected 70 gold pieces.

Inventory:

Hand Weapons
 a - a +0 falchion (weapon)
 r - a +0 spear
 s - a +0 dagger
Missiles
 g - 6 poisoned darts (quivered)
Wands
 f - a wand of digging (3)
Scrolls
 b - a scroll of fog
 d - a scroll of fear
Potions
 e - a potion of haste


   Skills:
 * Level 3.4 Fighting
 + Level 2.4 Long Blades
 * Level 2.1 Dodging
 + Level 8.1 Stealth
 * Level 0.3 Spellcasting


You had 3 spell levels left.
You didn't know any spells.
Your spell library was empty.

Dungeon Overview and Level Annotations

Branches:
Dungeon (5/15)             Temple (1/1) D:5

Altars:
Ashenzari
Cheibriados
Makhleb
Nemelex Xobeh
Okawaru
Ru
Vehumet
Xom
Yredelemnul


Innate Abilities, Weirdness & Mutations

You cannot wear most types of armour.
You are amphibious.
You can wear up to eight rings at the same time.
Your skin changes colour to match your surroundings (Stealth+).
Your rubbery body absorbs attacks. (AC +1, EV +1)
((You are camouflaged when in or above water. (Stealth+)))
You have tentacles for arms and can constrict up to eight enemies at once.


Message History

You hear a shout!
The gnoll misses you.
You hit the gnoll.
The gnoll is severely wounded.
You constrict the gnoll. The gnoll hits you with a +0 whip!
You completely miss the gnoll.
The gnoll is almost dead.
You constrict the gnoll.
You kill the gnoll!
Found a club.
Things that are here:
a +0 whip; a gnoll corpse The gnoll barely misses you.
There is a stone staircase leading up here.
The gnoll hits you with a +0 spear.
You barely miss the gnoll.
The iguana hisses angrily.
You grab the gnoll.
You constrict the gnoll, but do no damage.
The gnoll barely misses you.
You hit the gnoll.
The gnoll is heavily wounded.
You constrict the gnoll, but do no damage.
The gnoll barely misses you. x2
You hit the iguana. You grab the iguana.
The iguana is lightly wounded.
You constrict the iguana, but do no damage.
You constrict the gnoll. The iguana barely misses you. The gnoll misses you.
You hit the iguana.
The iguana is lightly wounded.
You constrict the iguana, but do no damage.
You constrict the gnoll. The gnoll hits you with a +0 spear!
The iguana closely misses you.
You barely miss the iguana.
The iguana is lightly wounded.
You constrict the iguana, but do no damage.
You constrict the gnoll. The iguana bites you!
* * * LOW HITPOINT WARNING * * *
The gnoll hits you with a +0 spear!
You die...

*,)...#....O.#
*,.#
**...######.##
*,.# *#..# #g#
*,.# #..#
#.#####,,, #..#
#h....#,** #..#
##^..,,,,,
#..#######.##,*,**
#l<).......#*,*,**
#@#####♣♣♣♣♣**,,,,
#g# **,,,,,**,**
#.#****,,,_,,,***
#..,,**,_,,,_,*
###*,**,,,⌠,,,*
*,,**,,,,,**
**,,**,,,**
**,,*ß,ß* **,,,,**


You could see an iguana and a gnoll.

Vanquished Creatures
  A scorpion (D:5)
  A gnoll (D:5)
  An adder (D:5)
  3 orcs (D:5)
6 creatures vanquished.

Notes
Turn   | Place    | Note
-------+----------+-------------------------------------------
     0 | D:5      | Esekla the Octopode Delver began the quest for the Orb.
     0 | D:5      | Reached XP level 1. HP: 16/16 MP: 1/1
    12 | D:5      | Found a staircase to the Ecumenical Temple.
    12 | D:5      | Noticed a black bear
    59 | D:5      | Noticed a gnoll sergeant
   199 | D:5      | Noticed a scorpion
   209 | D:5      | Killed a scorpion
   210 | D:5      | Reached skill level 8 in Stealth
   210 | D:5      | Reached XP level 2. HP: 7/21 MP: 2/2
   210 | D:5      | Reached XP level 3. HP: 8/26 MP: 3/3
   210 | D:5      | Reached XP level 4. HP: 10/31 MP: 4/4
   332 | D:5      | Noticed an ogre
   477 | Temple   | Entered the Ecumenical Temple
   521 | D:5      | Noticed an ogre
   539 | D:5      | Mangled by a gnoll

Illustrated notes

Levels and vault maps discovered:
D:5:      layout_loops_ring, good_gods_temple_1,
          lemuel_mausoleum_altar_kikubaaqudgha, temple_green,
          kennysheep_generic_room_10
Temple:   dpeg_three_leaves_temple

Skill      XL: |  1 |
---------------+----+-----
Stealth        | 8 |  8.1
Fighting       | |  3.4
Long Blades    | |  2.4
Dodging        | |  2.1
Spellcasting   | |  0.3

Action                     |  1- 3 |  4- 6 || total
---------------------------+-------+-------++-------
  Melee: Falchion          |     9 |    12 ||    21
         Constrict         |     2 |     4 ||     6
         Tentacles         |       |     2 ||     2
    Use: Potion            |     1 |       ||     1
         Scroll            |       |     1 ||     1
 Armour: Skin              |     6 |    11 ||    17
  Dodge: Dodged            |     5 |    11 ||    16

Table legend: (Time is in decaauts)
 A = Elapsed time spent in this place.
 B = Non-inter-level travel time spent in this place.
 C = Inter-level travel time spent in this place.
 D = Time resting spent in this place.
 E = Time spent auto-exploring this place.
 F = Levels seen in this place.
 G = Mean time per level.
                   A        B        C        D        E       F      G
               +--------+--------+--------+--------+--------+-----+--------+
         Total |    541 |    541 |      0 |    158 |      0 |   2 |  270.5 |
       Dungeon |    539 |    539 |      0 |    158 |      0 |   1 |  539.0 |
        Temple |      1 |      1 |      0 |      0 |      0 |   1 |    1.0 |
               +--------+--------+--------+--------+--------+-----+--------+

Top non-repeatable levels by time:
     D:5: 539 daAuts
  Temple: 1 daAuts
